 Dungeon Crawl Stone Soup version 0.26-a0-412-ga3d1f51b80 (webtiles) character file.

Game seed: 1109032819946508136

3267 KristoblXynda the Grappler (level 9, -1/88 HPs)
             Began as a Troll Monk on July 23, 2020.
             Slain by a wight
             ... wielding a cursed +5 long sword
              (3 damage)
             ... on level 8 of the Dungeon.
             The game lasted 00:11:22 (6755 turns).

KristoblXynda the Grappler (Troll Monk)             Turns: 6755, Time: 00:11:23

Health: -1/88      AC:  7    Str: 21    XL:     9   Next: 68%
Magic:  8/8        EV: 12    Int:  9    God:
Gold:   406        SH:  5    Dex: 12    Spells: 8/8 levels left

rFire    . . .     SeeInvis .     - Unarmed
rCold    . . .     Faith    .   (no shield)
rNeg     . . .     Spirit   .   a - +0 robe
rPois    .         Reflect  +   l - +1 hat
rElec    .         Harm     .   (no cloak)
rCorr    .                      (gloves unavailable)
MR       +....                  (boots unavailable)
Stlth    +.........             y - amulet of reflection
HPRegen  0.64/turn              d - ring of protection from magic
MPRegen  0.11/turn              (no ring)

@: lightly drained
A: large, unfitting armour, claws 3, regeneration 1, shaggy fur 1, tough skin 3
a: no special abilities


You were on level 8 of the Dungeon.
You visited 2 branches of the dungeon, and saw 9 of its levels.

You collected 406 gold pieces.

Inventory:

Hand Weapons
 m - a +0 morningstar
Armour
 a - a +0 robe (worn)
 l - a +1 hat (worn)
Jewellery
 d - a ring of protection from magic (left claw)
 y - an amulet of reflection (around neck)
 A - an uncursed amulet of magic regeneration
Wands
 w - a wand of acid (8)
Scrolls
 b - a scroll of immolation {unknown}
 i - 3 scrolls of enchant weapon
 j - 3 scrolls of remove curse
 k - 2 scrolls of teleportation
 n - 4 scrolls of fog
 r - a scroll of amnesia {unknown}
 u - a scroll of magic mapping {unknown}
 v - a scroll of fear {unknown}
 x - 2 scrolls of identify
Potions
 c - 2 potions of might
 e - a potion of haste
 f - 2 potions of degeneration {unknown}
 g - 2 potions of invisibility
 o - 4 potions of heal wounds
 p - 2 potions of curing
 q - a potion of stabbing
 s - 2 potions of brilliance
 t - a potion of resistance
 z - a potion of lignification


   Skills:
 + Level 5.4(5.0) Fighting
 - Level 2.0(1.6) Maces & Flails
 + Level 6.3(5.9) Dodging
 - Level 1.0(0.6) Stealth
 + Level 10.1(9.6) Unarmed Combat
 + Level 1.5(1.1) Evocations


You had 8 spell levels left.
You didn't know any spells.
Your spell library was empty.

Dungeon Overview and Level Annotations

Branches:
Dungeon (8/15)             Temple (1/1) D:6
   Lair: D:8-11

Altars:
Ashenzari
Cheibriados
Dithmenos
Elyvilon
Fedhas
Hepliaklqana
Kikubaaqudgha
Makhleb
Nemelex Xobeh
Okawaru
Qazlal
Ru
Sif Muna
Trog
Uskayaw
Vehumet
Wu Jian
Xom
Yredelemnul
Zin
The Shining One

Annotations:
D:6 exclusion: oklob plant


Innate Abilities, Weirdness & Mutations

You are too large for most types of armour.
You have claws for hands.
Your natural rate of healing is unusually fast.
You are covered in fur. (AC +1)
You have extremely tough skin. (AC +3)


Message History

You block the hound's attack.
You scratch the hound.
You kill the hound!
You closely miss the wight. You mangle the wight!!
You destroy the wight!
The wight hits you with a cursed +5 long sword!
* * * LOW HITPOINT WARNING * * *
You feel drained.
* * * LOW HITPOINT WARNING * * *
Things that are here:
a cursed +0 battleaxe; a +0 robe; a hound corpse You closely miss the wight.
The wight hits you with a cursed +5 long sword!
* * * LOW HITPOINT WARNING * * *
Things that are here:
a cursed +0 battleaxe; a +0 robe; a hound corpse You barely miss the wight.
The wight hits you with a cursed +5 long sword.
You die...

##################
##.....#..@........
##.........#z......#
#..........##......#
#.(.........##.....#
#.../........##....#
#.............##!..#
#..............##..# #
##.............(######
##.....#........ ..+


You could see a wight.

Vanquished Creatures
  Prince Ribbit (D:5)
  Sigmund (D:3)
  Eustachio (D:5)
  4 ice beasts
  An orc warrior (D:6)
  A sky beast (D:7)
  6 ogres
  2 centaurs (D:7)
  2 bullfrogs
  A wight (D:8)
  2 electric eels (D:7)
  A howler monkey (D:6)
  4 hounds
  9 jellies
  2 orc priests
  A gnoll shaman (D:7)
  3 orc wizards
  4 iguanas
  6 worker ants
  2 bullfrog skeletons
  2 killer bee zombies
  A hound skeleton (D:7)
  2 howler monkey skeletons
  4 gnolls (D:7)
  8 adders
  3 white imps
  2 ufetubi (D:5)
  17 oozes
  An adder zombie (D:6)
  2 adder skeletons
  4 worms
  3 dart slugs
  4 leopard geckos
  12 orcs
  3 ball pythons (D:4)
  14 bats
  5 giant cockroaches
  9 goblins
  7 hobgoblins
  9 jackals
  10 kobolds
  2 quokkas
  8 frilled lizards
  2 quokka zombies
  6 rats
194 creatures vanquished.

Vanquished Creatures (others)
  2 fungi (D:6)
2 creatures vanquished.

Grand Total: 196 creatures vanquished

Notes
Turn   | Place    | Note
-------+----------+-------------------------------------------
     0 | D:1      | KristoblXynda the Troll Monk began the quest for the Orb.
     0 | D:1      | Reached XP level 1. HP: 22/22 MP: 0/0
   148 | D:1      | Reached XP level 2. HP: 28/29 MP: 1/1
   430 | D:1      | Reached XP level 3. HP: 36/36 MP: 2/2
   800 | D:2      | Reached skill level 4 in Unarmed Combat
  1090 | D:2      | Found a shimmering blue altar of Sif Muna.
  1338 | D:2      | Reached XP level 4. HP: 44/44 MP: 3/3
  2019 | D:3      | Reached skill level 5 in Unarmed Combat
  2019 | D:3      | Reached XP level 5. HP: 42/50 MP: 4/4
  2096 | D:3      | Found a blossoming altar of Fedhas.
  2314 | D:3      | Noticed Sigmund
  2328 | D:3      | Killed Sigmund
  2328 | D:3      | Reached skill level 1 in Maces & Flails
  2328 | D:3      | Reached XP level 6. HP: 59/59 MP: 5/5
  2466 | D:4      | Reached skill level 6 in Unarmed Combat
  2766 | D:4      | Found an iron altar of Okawaru.
  3115 | D:5      | Entered Level 5 of the Dungeon
  3196 | D:5      | Found a burning altar of Makhleb.
  3230 | D:5      | Reached XP level 7. HP: 64/66 MP: 6/6
  3367 | D:5      | Found a sparkling altar of Nemelex Xobeh.
  3422 | D:5      | Noticed Eustachio
  3432 | D:5      | Killed Eustachio
  3432 | D:5      | Reached skill level 7 in Unarmed Combat
  3479 | D:5      | Noticed Prince Ribbit
  3485 | D:5      | Killed Prince Ribbit
  3485 | D:5      | Reached XP level 8. HP: 61/75 MP: 7/7
  3663 | D:5      | Reached skill level 8 in Unarmed Combat
  3753 | D:6      | Reached skill level 5 in Dodging
  3829 | D:6      | Found a staircase to the Ecumenical Temple.
  3893 | Temple   | Entered the Ecumenical Temple
  4112 | D:6      | Found a basalt altar of Yredelemnul.
  4159 | D:6      | Reached skill level 9 in Unarmed Combat
  4424 | D:6      | Reached XP level 9. HP: 65/85 MP: 8/8
  4594 | D:6      | Noticed an oklob plant
  5429 | D:7      | Reached skill level 5 in Fighting
  5477 | D:7      | Found a transporter.
  5731 | D:7      | Found a transporter.
  6011 | D:7      | Reached skill level 1 in Evocations
  6087 | D:7      | Reached skill level 10 in Unarmed Combat
  6722 | D:8      | Found a shattered altar of Ashenzari.
  6754 | D:8      | HP: 2/88 [wight/cursed +5 long sword (10)]
  6755 | D:8      | Slain by a wight

Illustrated notes

Levels and vault maps discovered:
D:1:      dpeg_arrival_pond, layout_rooms, serial_co_window_serial,
          co_window_paths_a, co_window_corner_a, co_window_paths_a,
          co_window_of_opportunity_a, co_window_of_opportunity_a,
          co_window_2corner, co_window_of_opportunity_b, co_window_paths_c,
          co_window_paths_c, minivault_11
D:2:      kennysheep_six_static_rooms, layout_loops_ring,
          lemuel_coloured_pillars_altar
D:3:      layout_rooms, lemuel_round_altar, uniq_sigmund
D:4:      layout_cave_pools, okawaru_trees_1, minmay_misc_feat_iff
D:5:      layout_basic, kennysheep_mini, overflow_temple_1_default,
          uniq_eustachio, uniq_prince_ribbit1
D:6:      lemuel_slime, layout_basic, lemuel_round_altar,
          minmay_temple_entry_enclosed_plants, solitary_fountain
D:7:      gammafunk_steamed_eel, layout_basic, serial_park_tiny_pond
D:8:      layout_rooms, kennysheep_mini_moat, nicolae_ashenzari_panopticon
Temple:   jpeg_temple_clearing

Skill      XL: |  1  2  3  4  5  6  7  8  9 |
---------------+----------------------------+-----
Unarmed Combat | 4 5 6 7 9 10 | 10.1
Dodging        | 3 4 5 6 |  6.3
Maces & Flails | 1 2 |  2.0
Fighting       | 3 4 5 |  5.4
Evocations     | 1 |  1.5
Stealth        | |  1.0

Action                   |  1- 3 |  4- 6 |  7- 9 || total
-------------------------+-------+-------+-------++-------
Melee: Unarmed           |   113 |   156 |   281 ||   550
       Punch             |     2 |     5 |    12 ||    19
Evoke: Wand              |       |       |     5 ||     5
  Use: Scroll            |       |     8 |     6 ||    14
 Stab: Sleeping          |     3 |     4 |     4 ||    11
Armor: Robe              |    63 |    56 |    53 ||   172
Dodge: Dodged            |    73 |    66 |   152 ||   291
Block: Other             |       |       |     9 ||     9

Table legend: (Time is in decaauts)
 A = Elapsed time spent in this place.
 B = Non-inter-level travel time spent in this place.
 C = Inter-level travel time spent in this place.
 D = Time resting spent in this place.
 E = Time spent auto-exploring this place.
 F = Levels seen in this place.
 G = Mean time per level.
                   A        B        C        D        E       F      G
               +--------+--------+--------+--------+--------+-----+--------+
         Total |   6689 |   6385 |    304 |   1105 |   3675 |   9 |  743.2 |
       Dungeon |   6580 |   6329 |    251 |   1105 |   3626 |   8 |  822.5 |
        Temple |    108 |     55 |     53 |      0 |     49 |   1 |  108.0 |
               +--------+--------+--------+--------+--------+-----+--------+

Top non-repeatable levels by time:
     D:7: 1545 daAuts
     D:6: 1291 daAuts
     D:2: 862 daAuts
     D:3: 821 daAuts
     D:1: 743 daAuts
     D:4: 664 daAuts
     D:5: 610 daAuts
  Temple: 108 daAuts
     D:8: 42 daAuts
